Unix NetHack Version 5.0.0-0 post-release - last build May  4 2026 22:22:43 (774f63e81ad911689b3a0859ea89b322d5daca8d,branch:main).

Game began 2026-05-09 21:41:23, ended 2026-05-09 21:57:09.

BeardyHaddock, lawful male dwarven Archeologist

          ---
         --.---
         |....|
   ----- --...--
   |...---|....|        ..--.    -..--.|
 ---......|-..--        -....    ......--
 |........-|..|         ......   .......--
 |.........|.--         ...........(.....|
 ---.........|          ........)......).|
   --........-          -..............---
    ---.......--        --...-   -....----
      ---......|    ..|  |....  --..----.q
        |......|    ..----...- -...-.d).@-
       --... ..-    .......-.  |.....-----
     ---........    .....--.   --^.-------
     |..........-----.....|    --...---..--
 -----..--...............--    |..........--
 |....... ........--^....|     |..--.......|
 |..----   --.<.    --...|     ---- --..|.--
 ----       ---.     |..--           ------
                     ----
BeardyHaddock the Field Worker  St:25 Dx:11 Co:11 In:16 Wi:16 Ch:9  Lawful
Dlvl:5  $:46 HP:0(34) Pw:9(9) AC:7  Xp:4 T:2056 

Latest messages:
 You see here a thonged club.
 You find a teleportation trap.
 You swap places with your dog.
 You stop.  The gnome is in the way!
 You are carrying too much to get through.
 You are carrying too much to get through.
 The dog bites the gnome.
 The gnome misses the dog.
 You hear some noises.
 The dog bites the acid blob.
 e - a +0 pick-axe (weapon in right hand).
 a - a +2 bullwhip (alternate weapon; not wielded).
 The dog misses the acid blob.
 You kill the acid blob!
 You swap places with your dog.
 What do you want to drop? [$a-km-rt-vxyB-G or ?*] ?
 You drop a bow.
 a - a +2 bullwhip (weapon in right hand).
 e - a +0 pick-axe (alternate weapon; not wielded).
 The rothe hits!
 The rothe bites!
 The rothe misses!
 You lash the rothe!
 The rothe hits!
 The rothe bites!
 The rothe misses!
 e - a +0 pick-axe (weapon in right hand).
 a - a +2 bullwhip (alternate weapon; not wielded).
 The rothe hits!
 The rothe bites!
 The rothe bites again!
 You kill the rothe!
 You see here a rothe corpse.
 There is a rothe corpse here; eat it? [ynq] (n) y
 This rothe corpse is fatty.
 You stop eating the rothe corpse.
 You hit the rothe!
 The rothe hits!
 The rothe bites!
 The rothe bites again!
 You miss the rothe.
 The rothe hits!
 The rothe bites!
 The rothe bites again!
 You die...
 Do you want your possessions identified? [ynq] (y) y
 Do you want to see your attributes? [ynq] (y) y
 Do you want an account of creatures vanquished? [ynaq] (y) y
 Do you want to see your conduct and achievements? [ynq] (y) n
 Do you want to see the dungeon overview? [ynq] (y) n

Inventory:
 Coins    ('$')
  $ - 46 gold pieces
 Weapons  (')')
  F - 6 +1 arrows
  q - 9 +0 arrows
  D - 12 poisoned +0 arrows
  t - a -1 sling
  o - a +0 dwarvish spear
  a - a +2 bullwhip (alternate weapon; not wielded)
 Armor    ('[')
  c - an uncursed +0 fedora
  r - an uncursed +0 orcish helm (being worn)
  i - an uncursed +0 pair of gauntlets of power (being worn)
  u - an uncursed +0 dwarvish cloak
  b - an uncursed +0 leather jacket (being worn)
 Comestibles  ('%')
  d - 3 uncursed food rations
 Scrolls  ('?')
  n - an uncursed scroll of confuse monster
  x - a cursed scroll of earth
  p - an uncursed scroll of food detection
  j - an uncursed scroll of identify
  C - an uncursed scroll of magic mapping
 Potions  ('!')
  m - an uncursed potion of gain ability
 Wands    ('/')
  G - a wand of digging (0:3)
  B - a wand of nothing (0:5)
 Tools    ('(')
  h - an empty uncursed sack
  e - a +0 pick-axe (weapon in right hand)
  y - an uncursed tin whistle
  f - a tinning kit (0:35)
 Gems/Stones  ('*')
  k - an uncursed jasper stone
  g - an uncursed touchstone
  v - 17 uncursed rocks (in quiver pouch)

BeardyHaddock the Archeologist's attributes:

Background:
 You were a Field Worker, a level 4 male dwarven Archeologist.
 You were lawful, on a mission for Quetzalcoatl
 who was opposed by Camaxtli (neutral) and Huhetotl (chaotic).
 You were right-handed.
 You were in the Gnomish Mines, on level 5.
 You entered the dungeon 2056 turns ago.
 You had 110 experience points, 50 more were needed to attain level 5.

Basics:
 You had 0 out of 34 hit points.
 You had all 9 energy points (spell power).
 Your armor class was 7.
 Your wallet contained 46 zorkmids.
 Autopickup was off.

Final Characteristics:
 Your strength was 25 (base:15, innate limit:18/100).
 Your dexterity was 11 (limit:20).
 Your constitution was 11 (limit:20).
 Your intelligence was 16 (limit:16).
 Your wisdom was 16 (limit:16).
 Your charisma was 9 (limit:16).

Final Status:
 You weren't hungry.
 You were unencumbered.
 You were wielding a pick-axe.
 You had basic skill with pick-axe.

Final Attributes:
 You were piously aligned.
 You were telepathic.
 You had automatic searching.
 You had infravision.
 You are dead.

Miscellaneous:
 You didn't encounter any bones levels.
 Total elapsed playing time was 15 minutes and 46 seconds.

Major events:
 Turn
    1: BeardyHaddock the lawful male dwarven Archeologist entered the dungeon
  766: attained the rank of Field Worker (level 3)
 1349: entered the Gnomish Mines
 2056: killed by a rothe

You didn't know any spells.

Skills:
 Fighting Skills
   bare handed combat [Unskilled]
   two weapon combat  [Unskilled]
   riding             [Unskilled]
 Weapon Skills
   dagger             [Unskilled]
   knife              [Unskilled]
   pick-axe           [Basic]
   short sword        [Unskilled]
   saber              [Unskilled]
   club               [Unskilled]
   quarterstaff       [Unskilled]
   sling              [Basic]
   dart               [Unskilled]
   boomerang          [Unskilled]
   whip               [Basic]
   unicorn horn       [Unskilled]
 Spellcasting Skills
   attack spells      [Unskilled]
   healing spells     [Unskilled]
   divination spells  [Unskilled]
   matter spells      [Unskilled]

Voluntary challenges:
 Character rerolling was not enabled.
 You never genocided any monsters.
 You never polymorphed an object.
 You never changed form.
 You used no wishes.
Achievements:
 You entered a shop.
 You attained the rank of Field Worker.
 You entered the Gnomish Mines.

 The Dungeons of Doom: levels 1 to 3
    Level 1:
       A fountain.
    Level 2:
       An armor shop.
    Level 3:
       Stairs down to The Gnomish Mines.
 The Gnomish Mines: levels 4 to 5
    Level 4:
    Level 5: <- You were here.
       Final resting place for
          you, killed by a rothe.


Vanquished creatures:
  2 gnome leaders
  a little dog
  2 floating eyes
  a kitten
  a dwarf
  a kobold leader
  2 rothes
 an iguana
 an acid blob
  2 hobbits
  2 manes
  4 giant rats
  a cave spider
  8 gnomes
  2 gnome zombies
  a gecko
  2 jackals
  3 kobolds
  2 goblins
  a sewer rat
  2 grid bugs
  2 lichens
  2 kobold zombies
  2 newts
48 creatures vanquished.

No species were genocided or became extinct.

Game over:
                       ----------
                      /          \
                     /    REST    \
                    /      IN      \
                   /     PEACE      \
                  /                  \
                  |  BeardyHaddock   |
                  |      46 Au       |
                  |   killed by a    |
                  |      rothe       |
                  |                  |
                  |                  |
                  |       2026       |
                 *|     *  *  *      | *
        _________)/\\_//(\/(/\)/\//\/|_)_______

Goodbye BeardyHaddock the Archeologist...

You died in The Gnomish Mines on dungeon level 5 with 692 points,
and 46 pieces of gold, after 2056 moves.
You were level 4 with a maximum of 34 hit points when you died.

